 Dungeon Crawl Stone Soup version 0.31.0 (webtiles) character file.

Game seed: 10889975856918055716

55 qw the Shooter (level 3, 0/23 HPs)
             Began as a Gargoyle Hunter on Jan 19, 2024.
             Slain by a hobgoblin (4 damage)
             ... on level 2 of the Dungeon.
             The game lasted 00:00:04 (1157 turns).

qw the Shooter (Gargoyle Hunter)                    Turns: 1157, Time: 00:00:05

Health: 0/23       AC:  5    Str: 14    XL:     3   Next: 93%
Magic:  3/3        EV: 12    Int:  9    God:
Gold:   114        SH:  0    Dex: 15    Spells: 2/2 levels left

rFire   + . .        a - +0 shortbow
rCold   . . .        (shield currently unavailable)
rNeg    + . .        e - +0 robe {rF+}
rPois   inf          (no helmet)
rElec   +            (no cloak)
rCorr   .            (no gloves)
SInv    .            (no boots)
Will    .....        (no amulet)
Stlth   ++           (no ring)
HPRegen 0.23/turn    (no ring)
MPRegen 0.08/turn

%: no passive effects
@: no status effects
A: sickness immunity, AC +3, negative energy resistance 1, electricity
resistance, torment resistance 1, petrification resistance
a: no special abilities


You were on level 2 of the Dungeon.
You visited 1 branch of the dungeon, and saw 2 of its levels.

You collected 114 gold pieces.


Innate Abilities, Weirdness & Mutations

You are immune to sickness and miasma.
Your stone body is resilient. (AC +3)
You are immune to poison.
You resist negative energy. (rN+)
You are resistant to electric shocks. (rElec)
You are resistant to unholy torment.
You are immune to petrification.


   Skills:
 - Level 3.0 Fighting
 + Level 5.0 Ranged Weapons
 - Level 1.5 Dodging
 - Level 1.1 Stealth


You had 2 spell levels left.
You didn't know any spells.
Your spell library was empty.

Inventory:

Hand Weapons
 a - a +0 shortbow (weapon)
Armour
 c - a +0 leather armour
 e - a +0 robe of fire resistance (worn)
Scrolls
 b - 2 scrolls of acquirement {unknown}
 f - a scroll of enchant weapon {unknown}
 h - a scroll of poison {unknown}
 k - a scroll of identify
Potions
 d - a potion of haste {unknown}
 g - a potion of might {unknown}
 i - a potion of heal wounds {unknown}
 j - 2 potions of curing {unknown}

Dungeon Overview and Level Annotations

Branches:
Dungeon (2/15)

Altars:


Message History

A quokka comes into view.
The web tears apart.
The hobgoblin misses you.
You shoot an arrow. The arrow hits the ribbon worm!
The ribbon worm is heavily wounded.
The quokka twitches its whiskers.
The hobgoblin hits you but does no damage.
The ribbon worm bites you but does no damage.
You shoot an arrow. The arrow hits the ribbon worm.
The ribbon worm is severely wounded.
The hobgoblin hits you. The ribbon worm bites you.
You shoot an arrow. The arrow hits the ribbon worm.
The ribbon worm is severely wounded.
The hobgoblin hits you but does no damage.
The ribbon worm bites you. The hobgoblin closely misses you.
You shoot an arrow.
The arrow hits the ribbon worm but does no damage.
The ribbon worm is severely wounded.
The ribbon worm bites you but does no damage.
The hobgoblin hits you.
You shoot an arrow. The arrow hits the ribbon worm!
You kill the ribbon worm!
The hobgoblin barely misses you.
You shoot an arrow. The arrow closely misses the hobgoblin.
The arrow hits the quokka.
The quokka is severely wounded.
The hobgoblin hits you.
You shoot an arrow. The arrow closely misses the quokka.
The quokka barely misses you.
The hobgoblin hits you but does no damage.
The quokka misses you.
You shoot an arrow. The arrow hits the quokka.
You kill the quokka!
The hobgoblin hits you but does no damage.
You shoot an arrow. The arrow hits the hobgoblin.
The hobgoblin is almost dead.
The hobgoblin closely misses you. The hobgoblin hits you.
You shoot an arrow. The arrow closely misses the hobgoblin.
The hobgoblin hits you.
You die...

.................%.########.#
..................##
.................)#
..................#
..................#
..................#
###.#######..###### .#
##.....## ## #.###@.# .. ###
#g%# .# ..... # .......# #
###..###...# # #^#.. #..# #
#.#.. ..# # #.#$ ..# #.#


You could see a hobgoblin.

Vanquished Creatures
  A ribbon worm (D:2)
  2 dart slugs (D:1)
  6 endoplasms
  A giant cockroach (D:1)
  7 hobgoblins
  6 jackals
  4 kobolds
  2 quokkas
  2 ball pythons
  4 bats
  2 frilled lizards (D:2)
  5 rats
42 creatures vanquished.

Notes
Turn   | Place    | Note
-------+----------+-------------------------------------------
     0 | D:1      | qw the Gargoyle Hunter began the quest for the Orb.
     0 | D:1      | Reached XP level 1. HP: 12/12 MP: 1/1
     0 | D:1      | 0 ||| qw: Version: 0.3-a-132-g3d54051
     0 | D:1      | 0 ||| qw: Game counter: 84
     0 | D:1      | 0 ||| qw: Melee chars always use a shield: true
     0 | D:1      | 0 ||| qw: God list: Okawaru
     0 | D:1      | 0 ||| qw: Allow faded altars: false
     0 | D:1      | 0 ||| qw: Do Orc after clearing Dungeon:15 true
     0 | D:1      | 0 ||| qw: Do second Lair branch before Depths: true
     0 | D:1      | 0 ||| qw: Lair rune preference: random
     0 | D:1      | 0 ||| qw: Goals: Normal
     0 | D:1      | 0 ||| PLANNING D:1-11
   160 | D:1      | Reached XP level 2. HP: 17/17 MP: 2/2
   309 | D:1      | Reached XP level 3. HP: 18/21 MP: 3/3
   397 | D:1      | Reached skill level 5 in Ranged Weapons
   709 | D:1      | 709 ||| UPGRADING to +0 robe of fire resistance.
   719 | D:1      | 719 ||| READING scroll labelled TIEBLA IBIT.
   820 | D:1      | 820 ||| READING scroll labelled DUC KOLOARI.
   820 | D:1      | 820 ||| IDENTIFYING viscous orange potion
   821 | D:1      | 821 ||| DRINKING 2 blue potions.
   822 | D:1      | 822 ||| DROPPING scroll of butterflies.
   823 | D:1      | 823 ||| DROPPING potion of invisibility.
   824 | D:1      | 824 ||| DROPPING potion of brilliance.
  1064 | D:2      | 1064 ||| FLEEEEING.
  1082 | D:2      | Reached skill level 3 in Fighting
  1156 | D:2      | HP: 4/23 [hobgoblin (3)]
  1157 | D:2      | Slain by a hobgoblin

Levels and vault maps discovered:
D:1:      lightli_arrival_noodles, layout_loops_ring, minmay_box_of_dots
D:2:      minmay_wonky_spiral, layout_basic, wad_floor_pattern_1,
          kennysheep_generic_room_7

Skill      XL: |  1  2  3 |
---------------+----------+-----
Ranged Weapons | 5 |  5.0
Fighting       | 3 |  3.0
Dodging        | |  1.5
Stealth        | |  1.1

Action                     || total
---------------------------++-------
   Fire: Shortbow          ||   136
    Use: Scroll            ||     2
         Potion            ||     1
 Armour: Leather armour    ||    24
         Robe              ||    24
  Dodge: Dodged            ||    32

Table legend:
 A = Non-vault XP
 B = Vault XP
 C = Vault XP percentage of total XP
 D = Non-vault monster count
 E = Vault monster count
 F = Vault count percentage of total count
                 A         B        C        D         E       F
            +---------+---------+-------+---------+---------+-------
      Total |      66 |      13 |  16.5 |      36 |       6 |  14.3
            +---------+---------+-------+---------+---------+-------
        D:1 |      47 |       2 |   4.1 |      24 |       1 |   4.0
        D:2 |      19 |      11 |  36.7 |      12 |       5 |  29.4
            +---------+---------+-------+---------+---------+-------
